 Dungeon Crawl Stone Soup version 0.30-a0-389-g8d7d949f56 (webtiles) character file.

Game seed: 8615511246346596148

17 holysushi the Cutter (level 2, -1/21 HPs)
             Began as an Octopode Monk on Dec 3, 2022.
             Slain by a ball python (2 damage)
             ... on level 1 of the Dungeon.
             The game lasted 00:00:35 (184 turns).

holysushi the Cutter (Octopode Monk)                 Turns: 184, Time: 00:00:36

Health: -1/21      AC:  1    Str: 10    XL:     2   Next: 62%
Magic:  2/2        EV: 14    Int: 12    God:
Gold:   13         SH:  0    Dex: 14    Spells: 1/1 levels left

rFire   . . .      SeeInvis .    a - +0 short sword
rCold   . . .      Faith    .    (no shield)
rNeg    . . .      Spirit   .    (helmet restricted)
rPois   .          Reflect  .    (no amulet)
rElec   .          Harm     .    (no ring)
rCorr   .          Rampage  .    (no ring)
Will    .....                    (no ring)
Stlth   +++.......               (no ring)
HPRegen 0.23/turn                (no ring)
MPRegen 0.08/turn                (no ring)
                                 (no ring)
                                 (no ring)

@: no status effects
A: almost no armour, amphibious, 8 rings, camouflage 1, gelatinous body 1,
(nimble swimmer 1), tentacles
a: no special abilities


You were on level 1 of the Dungeon.
You visited 1 branch of the dungeon, and saw 1 of its levels.

You collected 13 gold pieces.

Inventory:

Hand Weapons
 a - a +0 short sword (weapon)
Scrolls
 c - a scroll of poison {unknown}
 d - a scroll of identify {unknown}
Potions
 b - a potion of ambrosia


   Skills:
 - Level 3.0 Fighting
 + Level 3.9 Short Blades
 - Level 3.0 Dodging
 - Level 2.6 Stealth


You had one spell level left.
You didn't know any spells.
Your spell library contained the following spells:

 Spells                   Type           Power      Damage    Failure   Level
 Frozen Ramparts          Ice            0%         1d1       69%         3
 Ice Form                 Ice/Tmut       0%         N/A       97%         4
 Summon Ice Beast         Ice/Summ       0%         N/A       97%         4


Dungeon Overview and Level Annotations

Branches:
Dungeon (1/15) Zot: 5819

Altars:


Innate Abilities, Weirdness & Mutations

You cannot wear most types of armour.
You are amphibious.
You can wear up to eight rings at the same time.
Your skin changes colour to match your surroundings (Stealth+).
Your rubbery body absorbs attacks. (AC +1, EV +1)
((You are camouflaged when in or above water. (Stealth+)))
You have tentacles for arms and can constrict up to eight enemies at once.


Message History

Your squeeze misses the hobgoblin.
The hobgoblin is lightly wounded.
The bat misses you. The hobgoblin closely misses you.
You hit the hobgoblin. You grab the hobgoblin.
The hobgoblin is almost dead.
You constrict the hobgoblin.
You kill the hobgoblin!
The bat hits you. The goblin hits you with a +0 dagger.
You are too injured to fight recklessly!
The bat closely misses you.
You hit the bat but do no damage. You grab the bat. You constrict the bat.
The bat barely misses you.
The bat struggles to escape constriction.
You release your grip on the bat.
The ball python bites you. The ball python closely misses you.
The bat barely misses you. The ball python barely misses you. x2
The bat completely misses you.
You see here 3 stones.
The bat misses you. The bat closely misses you.
The bat attacks as you move away! The bat barely misses you. x2
You miss the bat. You grab the bat. You squeeze the bat.
You kill the bat!
The ball python closely misses you. The ball python grabs you.
The ball python constricts you.
The ball python's grasp on you weakens, but your attempt to escape fails.
The ball python bites you.
* * * LOW HITPOINT WARNING * * *
The ball python constricts you.
You escape the ball python's grasp.
The ball python attacks as you move away!
The ball python bites you.
* * * LOW HITPOINT WARNING * * *
The ball python closely misses you. The goblin attacks as you move away!
The goblin hits you with a +0 dagger.
* * * LOW HITPOINT WARNING * * *
You hit the goblin. Your grab misses the goblin. You squeeze the goblin.
You kill the goblin!
The ball python attacks as you move away!
The ball python bites you.
You die...

#...# #..#........... ###.#
#..#.......... #.#
########## ............ #.#
#........####†g........ #.#
#.............r!....?.. #.#
#........####..........
#.###........## ##........#
#.#........†..###..........
#.###.......@S..#(.........
#.##..########lgr..........
#####.#..## #..............
........## #...............
......†[###
#..............#
..........#
#(.............#
..........#
#...............
#####.....#
.................
#.........###............


You could see a quokka, a goblin, a ball python and a frilled lizard.

Vanquished Creatures
  3 bats (D:1)
  3 endoplasms (D:1)
  2 giant cockroaches (D:1)
  A goblin (D:1)
  A hobgoblin (D:1)
  3 ball pythons (D:1)
  2 frilled lizards (D:1)
15 creatures vanquished.

Notes
Turn   | Place    | Note
-------+----------+-------------------------------------------
     0 | D:1      | holysushi the Octopode Monk began the quest for the Orb.
     0 | D:1      | Reached XP level 1. HP: 16/16 MP: 1/1
    89 | D:1      | Reached XP level 2. HP: 21/21 MP: 2/2
   182 | D:1      | HP: 1/21 [goblin/+0 dagger (3)]
   184 | D:1      | Slain by a ball python

Illustrated notes

Levels and vault maps discovered:
D:1:      minmay_arrival_shattered_statue, layout_rooms

Action                   || total
-------------------------++-------
Melee: Short sword       ||    20
       Constrict         ||     3
       Tentacles         ||     3
 Stab: Sleeping          ||     7
Armor: Skin              ||     1
Dodge: Dodged            ||    20

Table legend: (Time is in decaauts)
 A = Elapsed time spent in this place.
 B = Non-inter-level travel time spent in this place.
 C = Inter-level travel time spent in this place.
 D = Time resting spent in this place.
 E = Time spent auto-exploring this place.
 F = Levels seen in this place.
 G = Mean time per level.
                   A        B        C        D        E       F      G
               +--------+--------+--------+--------+--------+-----+--------+
         Total |    180 |    180 |      0 |      0 |     66 |   1 |  180.0 |
       Dungeon |    180 |    180 |      0 |      0 |     66 |   1 |  180.0 |
               +--------+--------+--------+--------+--------+-----+--------+

Top non-repeatable levels by time:
     D:1: 180 daAuts
